Map: Dusk Towers

Players

Darkus

  • Race: Terran Terran

blackxored - Winner!

  • Race: Zerg Zerg
  • League: Platinum

VOD

Have the link to the VOD?

Description

Time

  • Played on: June 27, 2016, 2:12 p.m.
  • Length: 5:36
Show
View Real Time Build Order
Export as new Build Order

Darkus Terran 

Build Orders:  

Get SALT Encoding   

  12  0:01  SCV  
  13  0:13  SCV  
  14  0:24  Supply Depot  
  14  0:25  SCV  
  15  0:31  Refinery  
  15  0:46  SCV  
  16  0:51  Barracks  
  16  1:00  SCV  
  17  1:13  SCV  
  18  1:25  SCV  
  19  1:37  Orbital Command  
  20  1:40  Reaper  
  20  1:48  Command Center  
  20  1:54  Factory  
  20  2:00  Refinery  
  20  2:06  SCV  
  21  2:12  Barracks Reactor  
  21  2:19  SCV  
  22  2:31  SCV  
  22  2:36  Supply Depot  
  23  2:49  Starport  
  23  2:58  SCV  
  24  3:08  Bunker  
  25  3:13  Hellion x2  
  25  3:14  Marine  
  25  3:18  Supply Depot, SCV  
  31  3:20  Orbital Command  
  31  3:23  Armory  
  30  3:32  Marine  
  31  3:34  Hellion  
  31  3:35  Hellion  
  31  3:37  Medivac  
  37  3:44  SCV  
  39  3:48  SCV  
  39  3:53  Supply Depot  
  39  3:56  Hellion, SCV  
  39  3:59  Marine  
  43  4:17  Medivac  
  43  4:18  Hellion x2  
  43  4:20  SCV  
  50  4:30  SCV  
  51  4:39  Factory  
  50  5:06  Hellion x2  
  41  5:33  Factory  
Show
View Real Time Build Order
Export as new Build Order

blackxored Zerg - Winner!

Build Orders: Hatch First 

Get SALT Encoding   

  12  0:01  Drone  
  13  0:09  Drone  
  14  0:17  Overlord  
  14  0:24  Extractor, Drone  
  15  0:37  Drone  
  15  0:38  Drone  
  17  0:53  Hatchery  
  17  0:56  Drone  
  17  0:59  Drone  
  18  1:12  Extractor  
  18  1:15  Spawning Pool  
  18  1:17  Drone  
  17  1:20  Drone  
  18  1:27  Drone  
  19  1:38  Overlord  
  19  1:50  Drone  
  20  2:03  Queen  
  20  2:04  Zergling x2  
  20  2:05  Queen  
  20  2:06  Zergling x2  
  26  2:12  Zergling x2  
  26  2:14  Metabolic Boost  
  27  2:22  Drone x2  
  29  2:29  Drone  
  30  2:41  Zergling x2  
  30  2:42  Zergling x2  
  32  2:49  Extractor  
  31  3:01  Hatchery  
  31  3:07  Overlord  
  31  3:13  Drone  
  31  3:15  Roach Warren  
  31  3:20  Overlord  
  31  3:23  Pneumatized Carapace  
  31  3:24  Queen  
  33  3:29  Drone x3  
  33  3:30  Drone  
  37  3:46  Drone x6  
  43  3:49  Drone  
  43  3:55  Overlord  
  43  3:59  Overlord  
  43  4:05  Queen  
  45  4:11  Queen  
  47  4:19  Spine Crawler  
  47  4:20  Zergling x4  
  47  4:21  Zergling x2  
  49  4:37  Queen  
  51  4:40  Drone x2  
  51  4:41  Queen  
  53  4:47  Queen  
  48  5:02  Zergling x2  
  48  5:03  Zergling x24  
  59  5:13  Zergling x4  
Tags
 
Add a new tag
Caveats
  • Supply blocks, unpowered buildings, or Contaminate may cause inaccurate times.
  • Supply counts are checked every 10 seconds.